 Dungeon Crawl Stone Soup version 0.21.0-3-g78d12a8 (webtiles) character file.

338 Aphrodieselac the Cleaver (level 6, -1/51 HPs)
             Began as a Hill Orc Fighter on Jan 13, 2018.
             Was a Follower of Uskayaw.
             Slain by an ogre
             ... wielding a +0 giant spiked club
              (30 damage)
             ... on level 4 of the Dungeon.
             The game lasted 00:07:12 (3654 turns).

Aphrodieselac the Cleaver (Hill Orc Fighter)        Turns: 3654, Time: 00:07:13

Health: -1/51      AC:  6    Str: 21    XL:     6   Next: 55%
Magic:  6/6        EV:  9    Int:  8    God:    Uskayaw [*.....]
Gold:   216        SH:  0    Dex: 10    Spells: 5/5 levels left

rFire    . . .     SeeInvis .   a - +0 war axe
rCold    . . .     Gourm    .   (no shield)
rNeg     . . .     Faith    .   b - +0 scale mail
rPois    .         Spirit   .   (no helmet)
rElec    .         Reflect  .   (no cloak)
rCorr    .         Harm     .   (no gloves)
MR       .....                  (no boots)
Stlth    ..........             (no amulet)
HPRegen  0.17/turn              (no ring)
MPRegen  0.10/turn              (no ring)

@: no status effects
A: no striking features
a: Stomp, Renounce Religion


You were on level 4 of the Dungeon.
You worshipped Uskayaw.
Uskayaw was noncommittal.
You were not hungry.

You visited 2 branches of the dungeon, and saw 5 of its levels.

You collected 216 gold pieces.

Inventory:

Hand Weapons
 a - a +0 war axe (weapon)
Missiles
 c - 3 javelins (quivered)
Armour
 b - a +0 scale mail (worn)
Jewellery
 p - an uncursed ring of resist corrosion {unknown}
Scrolls
 g - 2 scrolls of remove curse {unknown}
 h - 4 scrolls of identify {unknown}
 i - a scroll of enchant armour {unknown}
 m - 3 scrolls of immolation {unknown}
 o - a scroll of fog {unknown}
 q - a scroll of teleportation {unknown}
 u - a scroll of amnesia {unknown}
Potions
 d - a potion of might
 e - 4 potions of curing {unknown}
 j - 2 potions of resistance {unknown}
 l - a potion of degeneration {unknown}
 n - a potion of heal wounds {unknown}
 r - 2 potions of flight {unknown}
 t - a potion of brilliance {unknown}
Books
 k - a book of Misfortune

   Spells                             Type                      Level
   a - Confusing Touch                Hexes                        1
   b - Confuse                        Hexes                        3
   c - Gell's Gravitas                Translocation                3
   d - Petrify                        Transmutation/Earth          4
   e - Metabolic Englaciation         Hexes/Ice                    5
   f - Yara's Violent Unravelling     Hexes/Transmutation          5
Comestibles
 f - 5 rations


   Skills:
 - Level 3.6 Fighting
 + Level 8.9 Axes
 - Level 3.2 Armour
   Level 3.2 Shields


You had 5 spell levels left.
You didn't know any spells.

Dungeon Overview and Level Annotations

Branches:
Dungeon (4/15)             Temple (1/1) D:4

Altars:
Ashenzari
Cheibriados
Dithmenos
Gozag
Nemelex Xobeh
Ru
Uskayaw
Vehumet
Wu Jian
Xom
The Shining One

Annotations:
D:4 Bionic's ghost, amateur DsAK


Message History

You hit the adder.
The adder is almost dead.
The adder closely misses you. The adder bites you but does no damage.
You slash the giant cockroach!
You kill the giant cockroach!
You miss the adder. The adder bites you but does no damage.
You closely miss the adder.
The adder is almost dead.
The adder barely misses you. The adder bites you but does no damage.
There is a stone staircase leading up here.
You hit the adder.
You kill the adder!
You barely miss the ogre.
The ogre hits you with a giant spiked club!!
You hit the ogre.
The ogre is lightly wounded.
The ogre hits you with a giant spiked club!!
Ouch! That really hurt!
You die...

..........#...#......#
..........#...#......#
......?...###'####...# #
#........#...######## #
#........#..........# #
#.....†..#..........# +
#........#..........# #
.'....[.†.#..........# #
.#......O@##'##.##...#
###+#########+##.....#.##...#
.#........# #.....#......#
.#........# #.....#......#
.#........# +.....#......#
.##.(....# #.....#......#
.##......#######.....#......#
...............#.....#......#
.##......##....'.....#......#


You could see an ogre.

Vanquished Creatures
  An ogre (D:4)
  The ghost of Buffagor the Digger, an amateur GrEE (D:3)
  A worker ant (D:4)
  4 gnolls
  4 adders
  An ooze (D:4)
  A worm (D:2)
  6 dart slugs
  5 orcs (D:4)
  3 giant cockroaches
  10 hobgoblins
  A quokka (D:3)
  2 bats
  5 frilled lizards
  5 goblins
  9 kobolds
  10 rats
69 creatures vanquished.

Vanquished Creatures (others)
  A worker ant (D:3)
1 creature vanquished.

Grand Total: 70 creatures vanquished

Notes
Turn   | Place    | Note
-------+----------+-------------------------------------------
     0 | D:1      | Aphrodieselac the Hill Orc Fighter began the quest for the Orb.
     0 | D:1      | Reached XP level 1. HP: 19/19 MP: 1/1
    40 | D:1      | Reached skill level 3 in Axes
   654 | D:1      | Reached XP level 2. HP: 24/26 MP: 2/2
   845 | D:2      | Reached skill level 4 in Axes
  1039 | D:2      | Reached XP level 3. HP: 22/31 MP: 3/3
  1339 | D:2      | Reached skill level 5 in Axes
  1771 | D:3      | Noticed Buffagor's ghost (amateur GrEE)
  1884 | D:2      | Reached XP level 4. HP: 24/39 MP: 4/4
  2197 | D:3      | Reached skill level 6 in Axes
  2426 | D:3      | Killed Buffagor's ghost
  2426 | D:3      | Reached skill level 7 in Axes
  2426 | D:3      | Reached XP level 5. HP: 44/45 MP: 5/5
  2769 | D:4      | Noticed Bionic's ghost (amateur DsAK)
  3242 | D:4      | Noticed an ogre
  3247 | D:4      | Killed an ogre
  3247 | D:4      | Reached skill level 8 in Axes
  3247 | D:4      | Reached XP level 6. HP: 49/51 MP: 6/6
  3297 | D:4      | Found a staircase to the Ecumenical Temple.
  3311 | Temple   | Entered the Ecumenical Temple
  3336 | Temple   | Became a worshipper of Uskayaw the Reveler
  3411 | D:4      | Reached * piety under Uskayaw
  3415 | D:4      | Reached ** piety under Uskayaw
  3654 | D:4      | Slain by an ogre

Skill      XL: |  1  2  3  4  5 |
---------------+----------------+-----
Axes           | 3 4 5 7 8 |  8.9
Fighting       | |  3.6
Armour         | |  3.2
Shields        | |  3.2

Action                   |  1- 3 |  4- 6 || total
-------------------------+-------+-------++-------
Melee: War axe           |   113 |   122 ||   235
  Eat: Chunk             |     3 |     3 ||     6
       Ration            |       |     1 ||     1
Armor: Scale mail        |    41 |    57 ||    98
Dodge: Dodged            |    53 |    56 ||   109
